 Dungeon Crawl Stone Soup version 0.27.1-1-g398f81649c (webtiles) character file.

Game seed: 17045999758026089290

7079 MajorAdolf the Fanfare of Bloodshed (level 11, -5/103 HPs)
             Began as a Naga Wanderer on Sept 12, 2021.
             Was a Believer of Makhleb.
             Slain by an orc knight (25 damage)
             ... on level 9 of the Dungeon.
             The game lasted 00:25:42 (16321 turns).

MajorAdolf the Fanfare of Bloodshed (NaWn)         Turns: 16321, Time: 00:25:43

Health: -5/103     AC:  8    Str: 17    XL:     11   Next: 9%
Magic:  22/22      EV: 10    Int: 13    God:    Makhleb [**....]
Gold:   1186       SH:  0    Dex: 24    Spells: 14/14 levels left

rFire    . . .     SeeInvis +   u - +9 quarterstaff of Balance {vorpal, rElec Str-2 Dex+9}
rCold    + + .     Faith    .   (shield currently unavailable)
rNeg     . . .     Spirit   .   s - +2 robe {rC+}
rPois    +         Reflect  .   l - +0 helmet
rElec    +         Harm     .   (no cloak)
rCorr    .         Rampage  .   j - +0 pair of gloves
Will     +....                  (no barding)
Stlth    ++........             (no amulet)
HPRegen  0.27/turn              g - +6 ring of dexterity
MPRegen  0.18/turn              t - ring of protection from cold

@: very slow
A: AC +3, large, see invisible, deformed body, poison resistance, slowness 2,
spit poison 1, naga tail 1
a: Spit Poison, Renounce Religion, Minor Destruction


You were on level 9 of the Dungeon.
You worshipped Makhleb.
Makhleb was pleased with you.
You visited 3 branches of the dungeon, and saw 11 of its levels.

You collected 1186 gold pieces.

Inventory:

Hand Weapons
 r - a +1 hunting sling
 u - the +9 quarterstaff of Balance (weapon) {vorpal, rElec Str-2 Dex+9}
   (You found it on level 4 of the Dungeon)

   It inflicts extra damage upon your enemies.
   Str:       It affects your strength (-2).
   Dex:       It affects your dexterity (+9).
   rElec:     It insulates you from electricity.
 v - the +2 dagger of Hacking and Slashing {vorpal, rF++ Dex-5}
   (You found it on level 4 of the Dungeon)

   It inflicts extra damage upon your enemies.
   Dex:       It affects your dexterity (-5).
   rF:        It greatly protects you from fire.
Missiles
 m - 2 throwing nets
 o - 267 stones
Armour
 b - the +2 leather armour of Hedging {Contam Int+5}
   (You found it on level 6 of the Dungeon)

   Int:       It affects your intelligence (+5).
   Contam:    It causes magical contamination when unequipped.
 j - a +0 pair of gloves (worn)
 l - a +0 helmet (worn)
 s - a +2 robe of cold resistance (worn)
 F - a +0 kite shield
Jewellery
 g - a +6 ring of dexterity (left hand)
 t - a ring of protection from cold (right hand)
 H - a ring of resist corrosion
Wands
 a - a wand of iceblast (6)
 y - a wand of flame (12)
 A - a wand of polymorph (8)
Scrolls
 d - 10 scrolls of identify
 h - 6 scrolls of teleportation
 p - 3 scrolls of vulnerability
 z - 4 scrolls of fog {unknown}
 D - 2 scrolls of immolation {unknown}
 E - 4 scrolls of noise {unknown}
Potions
 c - 3 potions of curing
 e - 2 potions of haste
 f - 2 potions of berserk rage {unknown}
 i - a potion of attraction {unknown}
 n - a potion of flight {unknown}
 q - a potion of invisibility {unknown}
 w - 2 potions of ambrosia {unknown}
 x - a potion of heal wounds
 B - a potion of lignification {unknown}
 C - a potion of resistance {unknown}
 G - a potion of mutation {unknown}


   Skills:
 - Level 8.0 Fighting
 - Level 1.1 Dodging
 - Level 1.0 Shields
 - Level 3.2 Unarmed Combat
 - Level 2.1 Spellcasting
 - Level 1.0 Translocations
 + Level 15.0 Invocations
 - Level 1.0 Evocations


You had 14 spell levels left.
You didn't know any spells.
Your spell library contained the following spells:

 Spells                   Type           Power      Damage    Failure   Level
 Apportation              Tloc           8%         N/A       17%         1
 Sting                    Tmut/Pois      4%         1d3       26%         1
 Corpse Rot               Necr/Air       N/A        N/A       36%         2
 Ensorcelled Hibernation  Hex/Ice        2%         N/A       36%         2
 Poisonous Vapours        Pois/Air       2%         N/A       36%         2
 Sublimation of Blood     Necr           0%         N/A       36%         2
 Wereblood                Tmut           1%         N/A       36%         2
 Gell's Gravitas          Tloc           2%         N/A       45%         3
 Olgreb's Toxic Radiance  Pois           1%         N/A       94%         4
 Freezing Cloud           Conj/Ice/Air   0%         6-21      100%        5
 Summon Hydra             Summ           0%         N/A       100%        7


Dungeon Overview and Level Annotations

Branches:
Dungeon (9/15)             Temple (1/1) D:4            Lair (0/6) D:8
    Orc (1/2) D:9

Altars:
Ashenzari
Cheibriados
Elyvilon
Fedhas
Gozag
Hepliaklqana
Kikubaaqudgha
Makhleb
Nemelex Xobeh
Okawaru
Qazlal
Ru
Sif Muna
Trog
Uskayaw
Vehumet
Wu Jian
Xom
Zin
The Shining One

Shops:
D:5 !

Annotations:
D:1 exclusion: downstairs
D:6 3 runed translucent doors, Maggie; amoeba's ghost, novice MiFi; coffeespoons's ghost, novice GnCj
D:7 2 transporters, Caminho's ghost, novice DDMo
D:9 exclusion: two-headed ogre


Innate Abilities, Weirdness & Mutations

Your serpentine skin is tough. (AC +3)
You have supernaturally acute eyesight. (SInv)
Armour fits poorly on your strangely shaped body.
Your system is resistant to poisons. (rPois)
You cover ground very slowly.
You can spit poison.
You have a snake-like lower body.


Message History

Your orc wizard barely misses the orc knight.
Your water moccasin bites the orc knight but does no damage.
The orc knight misses your water moccasin.
The orc knight hits your orc with a +0 battleaxe!!
Your orc dies!
Your orc's corpse dissolves into shadows!
The orc knight hits your orc wizard with a +0 battleaxe.
Your orc wizard dies!
Your orc wizard's corpse dissolves into shadows!
You don't know any spells.
Press: ? - help, Shift-Dir - straight line, f - you
Okay, then.
Your water moccasin closely misses the orc knight.
The orc knight hits your water moccasin with a +0 battleaxe!
Your water moccasin dies!
Your water moccasin's corpse dissolves into shadows!
You don't know any spells.
Press: ? - help, Shift-Dir - straight line, f - orc knight
Aim: an orc knight, wielding a +0 battleaxe and wearing a +0 chain mail (heavily wounded)
The zap hits the orc knight but does no damage.
The orc knight is heavily wounded.
Unknown command.
You don't know any spells.
Press: ? - help, Shift-Dir - straight line, f/p - orc knight
Aim: an orc knight, wielding a +0 battleaxe and wearing a +0 chain mail (heavily wounded)
The stone arrow hits the orc knight!
The orc knight is almost dead.
Unknown command.
You don't know any spells.
Press: ? - help, Shift-Dir - straight line, f/p - orc knight
Aim: an orc knight, wielding a +0 battleaxe and wearing a +0 chain mail (almost dead)
The zap hits the orc knight.
The orc knight is almost dead.
Unknown command.
You don't know any spells.
Press: ? - help, Shift-Dir - straight line, f/p - orc knight
Aim: an orc knight, wielding a +0 battleaxe and wearing a +0 chain mail (almost dead)
The orc knight writhes in agony!
The orc knight hits you with a +0 battleaxe!!
You die...

...#...##...........##....##....#
......##...........####...####...
.......#...#.##..#.# ###...###...
........#..#.##....###.###..##...
.#.....##........................
....##.###.............###.....#.
...##.....)............##...####.
#......#...##...........#...# ##
##.....##.###...@.......#...#####
#....##..###..o...#............#
###..###..##........##..........
###...###............##......##..
#....>...........###.#...........
###..............#...#...........
#....##..##.......##.........).
##.####........#...............
### #........###.....#..##....


You could see an orc knight.

Vanquished Creatures
  2 two-headed ogres
  Pikel (D:7)
  Sigmund (D:2)
  Eustachio (D:6)
  5 yaks (D:9)
  A steam dragon (D:6)
  Edmund (D:4)
  2 water moccasins
  A black bear (D:6)
  3 sky beasts
  3 ice beasts (D:6)
  6 orc warriors
  2 necrophages
  3 ogres
  A centaur (D:8)
  3 lemures (D:7)
  A phantom (D:3)
  2 kobold brigands (D:6)
  4 bullfrogs
  A gnoll sergeant (D:9)
  2 scorpions
  9 killer bees
  A howler monkey (D:4)
  A centaur zombie (D:8)
  3 hounds
  3 jellies
  3 bullfrog skeletons
  3 gnoll shamans
  An orc priest (Orc:1)
  3 iguanas
  6 orc wizards
  A killer bee zombie (D:6)
  Robin (D:2)
  22 gnolls
  6 adders
  2 ufetubi
  An adder zombie (D:5)
  3 dart slugs
  18 orcs
  8 bats
  8 endoplasms
  5 giant cockroaches
  11 goblins
  14 hobgoblins
  2 jackals (D:2)
  6 quokkas
  5 ball pythons
  7 frilled lizards
  18 kobolds
  6 rats (D:1)
223 creatures vanquished.

Vanquished Creatures (others)
  A fungus (D:1)
  6 plants (D:7)
7 creatures vanquished.

Grand Total: 230 creatures vanquished

Notes
Turn   | Place    | Note
-------+----------+-------------------------------------------
     0 | D:1      | MajorAdolf the Naga Wanderer began the quest for the Orb.
     0 | D:1      | MajorAdolf set off with the following items: a +0 club, a
                  | potion of heal wounds, a potion of curing, a +0 robe, a
                  | potion of haste; and the following spell memorised:
                  | Apportation; and the following spells available to
                  | memorise: Gell's Gravitas
     0 | D:1      | Reached XP level 1. HP: 18/18 MP: 3/3
    10 | D:1      | Noticed a minotaur skeleton
   329 | D:1      | Reached XP level 2. HP: 25/25 MP: 5/5
   881 | D:1      | Reached XP level 3. HP: 32/32 MP: 6/6
  1046 | D:1      | Found a faded altar of an unknown god.
  1441 | D:2      | Noticed Robin
  1712 | D:1      | Reached XP level 4. HP: 34/42 MP: 7/7
  2088 | D:2      | Reached XP level 5. HP: 33/50 MP: 8/8
  2865 | D:2      | Killed Robin
  3060 | D:2      | Noticed Sigmund
  4122 | D:2      | Killed Sigmund
  4123 | D:2      | Reached XP level 6. HP: 23/62 MP: 3/9
  4377 | D:2      | Found a shimmering altar of Xom.
  5288 | D:3      | Found an ancient bone altar of Kikubaaqudgha.
  6027 | D:4      | Noticed a sky beast
  6051 | D:3      | Killed a sky beast
  6052 | D:3      | Reached XP level 7. HP: 32/70 MP: 3/10
  6390 | D:4      | Found a staircase to the Ecumenical Temple.
  6398 | D:4      | Identified the +9 quarterstaff of Balance {vorpal, rElec
                  | Str-2 Dex+9}
  6409 | Temple   | Entered the Ecumenical Temple
  6512 | Temple   | Became a worshipper of Makhleb the Destroyer
  6593 | D:4      | Identified the +2 dagger of Hacking and Slashing {vorpal,
                  | rF++ Dex-5}
  6620 | D:4      | Noticed Edmund
  6635 | D:4      | Killed Edmund
  7220 | D:4      | Reached skill level 1 in Invocations
  7254 | D:4      | Reached skill level 2 in Invocations
  7381 | D:5      | Entered Level 5 of the Dungeon
  7390 | D:5      | Reached skill level 3 in Invocations
  7390 | D:5      | Reached XP level 8. HP: 52/81 MP: 11/11
  7547 | D:5      | Reached skill level 4 in Invocations
  7621 | D:5      | Reached skill level 5 in Invocations
  7788 | D:5      | Reached skill level 6 in Invocations
  8037 | D:5      | Found Qyev's Distillery.
  8118 | D:5      | Reached * piety under Makhleb
  8220 | D:5      | Reached skill level 7 in Invocations
  8764 | D:6      | Identified a scroll of acquirement
  8766 | D:6      | Acquired 619 gold pieces
  9241 | D:6      | Reached skill level 8 in Invocations
  9241 | D:6      | Reached XP level 9. HP: 87/88 MP: 13/15
  9464 | D:6      | Reached skill level 9 in Invocations
  9469 | D:6      | Identified the +2 leather armour of Hedging {Contam Int+5}
  9769 | D:6      | Found a runed translucent gate.
  9769 | D:6      | Found a runed translucent gate.
  9769 | D:6      | Found a runed translucent gate.
  9776 | D:6      | Noticed coffeespoons's ghost (novice GnCj)
  9776 | D:6      | Noticed amoeba's ghost (novice MiFi)
  9922 | D:6      | Reached skill level 10 in Invocations
 10121 | D:6      | Noticed Maggie
 10202 | D:6      | Noticed Eustachio
 10279 | D:7      | Found a transporter.
 10412 | D:6      | Killed Eustachio
 10760 | D:7      | Identified the +11 trident of Regicide {chaos, rElec rC+
                  | Will+}
 10817 | D:6      | Reached skill level 11 in Invocations
 11287 | D:7      | Found a transporter.
 11297 | D:7      | Noticed Caminho's ghost (novice DDMo)
 11310 | D:7      | Identified the amulet of Doguirr {RegenMP Will++ Int+3}
 11645 | D:7      | Noticed Pikel
 11781 | D:7      | Killed Pikel
 11782 | D:7      | Reached skill level 12 in Invocations
 11782 | D:7      | Reached XP level 10. HP: 81/96 MP: 17/19
 11955 | D:7      | Found a blossoming altar of Fedhas.
 12081 | D:7      | Found a shimmering blue altar of Sif Muna.
 12101 | D:7      | Got Sif Muna's Catalogue of Cold
 12106 | D:7      | Found a bloodstained altar of Trog.
 12599 | D:8      | Found a glowing golden altar of the Shining One.
 12815 | D:8      | Found a hide-covered altar of Uskayaw.
 12840 | D:9      | Noticed a two-headed ogre
 13111 | D:8      | Reached skill level 13 in Invocations
 13314 | D:8      | Noticed a two-headed ogre
 13708 | D:8      | Found a glowing silver altar of Zin.
 13846 | D:8      | Killed a two-headed ogre
 14256 | D:8      | Found a staircase to the Lair.
 14600 | D:9      | Killed a two-headed ogre
 14601 | D:9      | Reached skill level 14 in Invocations
 15456 | D:9      | Reached XP level 11. HP: 20/103 MP: 20/22
 15734 | D:9      | Found a staircase to the Orcish Mines.
 15797 | D:9      | Noticed a two-headed ogre
 15960 | Orc:1    | Entered Level 1 of the Orcish Mines
 16282 | Orc:1    | Reached skill level 15 in Invocations
 16283 | Orc:1    | Reached ** piety under Makhleb
 16291 | Orc:1    | Noticed an orc knight
 16321 | D:9      | Slain by an orc knight

Illustrated notes

Levels and vault maps discovered:
D:1:      shiori_arrival_whats_in_store_for_you, layout_rooms,
          shapermc_ecumenical_altar_ellora
D:2:      layout_rooms, basic_altar, uniq_sigmund, uniq_robin
D:3:      layout_loops_ring, kiku_gazebo_pond_becter,
          chequers_serial_rivers_micro_d, minivault_24
D:4:      layout_rooms, minmay_temple_entry_water_ring,
          minmay_increasing_density, uniq_edmund
D:5:      layout_gridville, serial_shops, nicolae_stop_n_shop_1,
          amcnicky_mini_rare_corridor_liquid, minmay_crystal_room,
          kennysheep_diamond
D:6:      layout_loops_cross, gammafunk_ghost_cemetery, uniq_eustachio,
          uniq_maggie
D:7:      layout_loops_ring, nzn_overflow_gifts_of_might_and_magic,
          mainiacjoe_overflow_cross_hatched, gammafunk_ghost_gnarly_gnolls,
          uniq_pikel
D:8:      layout_rooms, mainiacjoe_overflow_24_doors,
          mainiacjoe_overflow_boulevard, overflow_temple_1_default,
          lair_entry_dummy
D:9:      layout_cave_pools, orc_0_dummy
Temple:   cyrus_circular_temple
Orc:1:    layout_caves, mines_bat_river

Skill      XL: |  1  2  3  4  5  6  7  8  9 10 11 |
---------------+----------------------------------+-----
Fighting       | 2 3 4 6 8 |  8.0
Invocations    | 3 8 12 14 15 | 15.0
Dodging        | |  1.1
Shields        | |  1.0
Unarmed Combat | |  3.2
Spellcasting   | |  2.1
Translocations | |  1.0
Evocations     | |  1.0

Action                   |  1- 3 |  4- 6 |  7- 9 | 10-12 || total
-------------------------+-------+-------+-------+-------++-------
Melee: Club              |    34 |       |       |       ||    34
       Dagger            |    28 |       |       |       ||    28
       Spear             |       |    61 |       |       ||    61
       Quarterstaff      |       |    59 |   245 |   166 ||   470
 Fire: Hunting sling     |       |     4 |       |       ||     4
Throw: Stone             |       |     2 |       |       ||     2
       Throwing net      |       |       |       |     7 ||     7
Invok: Minor Destruction |       |       |       |    18 ||    18
 Abil: Spit Poison       |    50 |    30 |    22 |     9 ||   111
Evoke: Wand              |       |       |       |     3 ||     3
  Use: Scroll            |       |       |    11 |     9 ||    20
       Potion            |       |       |     2 |    11 ||    13
 Stab: Sleeping          |       |       |     6 |     2 ||     8
       Distracted        |       |       |     1 |       ||     1
       Held in net/web   |       |       |       |     2 ||     2
Armor: Robe              |    21 |    64 |   108 |    61 ||   254
Dodge: Dodged            |    46 |    72 |   190 |   124 ||   432
